 Dungeon Crawl Stone Soup version 0.17-a0-484-g0e03f6a (webtiles) character file.

384 Kisielow the Twirler (level 6, 0/39 HPs)
             Began as a Gargoyle Gladiator on Apr 11, 2015.
             Slain by a giant cockroach (2 damage)
             ... on level 4 of the Dungeon.
             The game lasted 00:08:00 (3522 turns).

Kisielow the Twirler (Gargoyle Gladiator)           Turns: 3522, Time: 00:08:00

Health: 0/39       AC: 14    Str: 20    XL:     6   Next: 77%
Magic:  6/6        EV: 10    Int:  9    God:
Gold:   128        SH:  0    Dex: 10    Spells: 0 memorised, 5 levels left

rFire  . . .     SeeInvis .     a - +0 quarterstaff
rCold  . . .     Clarity  .     v - +0 scale mail
rNeg   + + .     SustAb   .     (no shield)
rPois  ∞         Gourm    .     c - +0 helmet
rElec  +         Spirit   .     (no cloak)
rCorr  .         Warding  +     (no gloves)
rMut   .         Stasis   .     i - +1 pair of boots
MR     .....                    s - amulet of warding
Stlth  ..........               (no ring)
                                (no ring)

@: not resistant to hostile enchantments, extremely unstealthy
A: negative energy resistance 1, electricity resistance, unbreathing,
petrification resistance, rot immunity, AC +4
a: no special abilities


You were on level 4 of the Dungeon.
You were not hungry.

You visited 1 branch of the dungeon, and saw 4 of its levels.
You also visited: Sewer.

You collected 128 gold pieces.

Inventory:

Hand weapons
 a - a +0 quarterstaff (weapon)
Missiles
 d - 3 throwing nets (quivered)
Armour
 c - a +0 helmet (worn)
 i - a +1 pair of boots (worn)
 v - a +0 scale mail (worn)
Jewellery
 s - an amulet of warding (around neck)
Magical devices
 o - a wand of paralysis (12)
Scrolls
 h - a scroll of fog
Potions
 e - a potion of ambrosia {unknown}
 g - a potion of cure mutation {unknown}
 l - a potion of agility {unknown}
 q - 6 potions of curing {unknown}
 r - a potion of flight {unknown}
 w - 2 potions of restore abilities {unknown}
 x - a potion of heal wounds {unknown}
Books
 u - a book of Maledictions

   Spells                             Type                      Level
   a - Corona                         Hexes                        1
   b - Ensorcelled Hibernation        Hexes/Ice                    2
   c - Confuse                        Hexes                        3
   d - Tukima's Dance                 Hexes                        3
   e - Dazzling Spray                 Conjuration/Hexes            3
Comestibles
 b - 7 chunks of flesh
 f - 3 bread rations
 j - 4 fruits
 k - a meat ration
 m - a slice of pizza
 p - a beef jerky


   Skills:
 * Level 4.3 Fighting
 * Level 5.2 Staves
 - Level 2.0 Throwing
 * Level 4.0 Armour
 - Level 2.4 Dodging


You had 5 spell levels left.
You didn't know any spells.

Dungeon Overview and Level Annotations

Branches:
Dungeon (4/15)
 Temple: D:4-7

Altars:
Fedhas
Makhleb
Qazlal


Innate Abilities, Weirdness & Mutations

You are resistant to torment.
Your stone body is resilient (AC +4).
You are immune to poison.
You resist negative energy.
You are resistant to electric shocks.
You can survive without breathing.
You are immune to petrification.
You are immune to rotting.


Message History

You see here a short sword.
The giant cockroach bites you but does no damage.
A giant cockroach comes into view.
You hit the giant cockroach but do no damage.
The giant cockroach bites you but does no damage.
You hit the giant cockroach but do no damage.
The giant cockroach bites you but does no damage.
You hit the giant cockroach.
The giant cockroach is heavily wounded.
The giant cockroach bites you but does no damage.
The giant cockroach barely misses you.
You sock the giant cockroach!
You kill the giant cockroach!
Your Armour skill increases to level 4!
You see here a giant cockroach corpse.
You hit the giant cockroach but do no damage.
The giant cockroach closely misses you.
You barely miss the giant cockroach. The giant cockroach barely misses you.
The giant cockroach bites you.
You die...

. .....?......#.. ...
#[..##.#........
.....##................
........<>...<.........
...##.§.(..............
#####...............
####.(....)........
#.(.......)........
#.......@..........
#!......s.........
####.#...$...(....
###..........?.
#...........
#.[...:.... .>........
#......... #........


You could see a giant cockroach.

Vanquished Creatures
  An ogre (D:4)
  A big kobold (Sewer)
  A hound (D:3)
  A worker ant (D:3)
  2 river rats (D:3)
  7 adders
  A gnoll (D:1)
  A worm (D:3)
  5 giant geckos
  2 oozes
  4 orcs (D:3)
  3 ball pythons
  A bat skeleton (D:4)
  6 giant cockroaches
  6 goblins
  6 hobgoblins
  11 bats
  3 giant newts
  5 jackals
  12 kobolds
  11 rats
90 creatures vanquished.

Notes
Turn   | Place    | Note
--------------------------------------------------------------
     0 | D:1      | Kisielow, the Gargoyle Gladiator, began the quest for the Orb.
     0 | D:1      | Reached XP level 1. HP: 12/12 MP: 1/1
   275 | D:1      | Reached XP level 2. HP: 16/18 MP: 2/2
   614 | D:1      | Reached skill level 1 in Armour
   614 | D:1      | Reached XP level 3. HP: 22/22 MP: 3/3
  1324 | D:2      | Found a stormy altar of Qazlal.
  1364 | D:2      | Reached skill level 4 in Staves
  1364 | D:2      | Reached XP level 4. HP: 14/27 MP: 4/4
  1640 | D:2      | Found a blossoming altar of Fedhas.
  2038 | D:3      | Found a burning altar of Makhleb.
  2077 | D:3      | Found a glowing drain.
  2143 | Sewer    | Entered a sewer
  2154 | Sewer    | Reached XP level 5. HP: 13/32 MP: 5/5
  2402 | Sewer    | Noticed a big kobold
  2421 | Sewer    | Killed a big kobold
  2466 | Sewer    | Found a white marble altar of Elyvilon.
  3089 | D:3      | Reached XP level 6. HP: 34/38 MP: 6/6
  3463 | D:3      | Reached skill level 5 in Staves
  3512 | D:4      | HP: 1/39 [giant cockroach (2)]
  3522 | D:4      | Slain by a giant cockroach

Action                   |  1- 3 |  4- 6 || total
-------------------------+-------+-------++-------
Melee: Quarterstaff      |    95 |   241 ||   336
  Use: Scroll            |       |    12 ||    12
 Stab: Sleeping          |     1 |       ||     1
  Eat: Chunk             |     1 |     8 ||     9
